[Event "ICC tourney 3035 (30 10)"]
[Site "Internet Chess Club"]
[Date "2022.10.22"]
[Round "1"]
[White "SCHROMBECK, JON A:Gm374"]
[Black "BRUDNO, STEPHEN:StevChess01"]
[Result "0-1"]
[ICCResult "White resigns"]
[WhiteElo "1082"]
[BlackElo "1557"]
[Opening "Bird's opening"]
[ECO "A03"]
[NIC "VO.07"]
[Time "12:00:15"]
[PlyCount "50"]
[TimeControl "1800+10"]

1. f4 d5 2. Nf3 Nf6 3. d3 c5 4. g3 Nc6 5. Bg2 h6 6. Nc3 Bf5 7. e3 e6 8. Qe2
Be7 9. Ne5 Qc7 10. a3 Nxe5 11. Nb5 Qa5+ 12. b4 Qxb5 13. fxe5 Bg4 14. Bf3
Bxf3 15. Qxf3 Nd7 16. d4 cxb4 17. Rb1 a5 18. c3 O-O 19. cxb4 axb4 20. Bd2
Rxa3 21. Rf1 Nb6 22. Kf2 Nc4 23. Rfd1 Nxd2 24. Rxd2 Rc8 25. Rdb2 Rcc3
{White resigns}
0-1

[Event "ICC tourney 3035 (30 10)"]
[Site "Internet Chess Club"]
[Date "2022.10.22"]
[Round "1"]
[White "WUDALI, PRANAV AVYAI:Pwudali"]
[Black "Krishnan, Ashvath:ashvathk5"]
[Result "0-1"]
[ICCResult "White checkmated"]
[WhiteElo "847"]
[BlackElo "1399"]
[Opening "Vienna gambit"]
[ECO "C29"]
[NIC "VG.04"]
[Time "12:00:49"]
[PlyCount "80"]
[TimeControl "1800+10"]

1. e4 e5 2. Nc3 Nf6 3. f4 d6 4. f5 Nc6 5. Bc4 Na5 6. Bb3 Nxb3 7. axb3 d5 8.
d3 Bb4 9. Bd2 dxe4 10. Nxe4 Bxd2+ 11. Qxd2 Bxf5 12. Nxf6+ Qxf6 13. Nf3 O-O
14. O-O Qb6+ 15. Kh1 Rfe8 16. Qc3 f6 17. Nh4 Be6 18. Nf5 Bxf5 19. Rxf5 Qe6
20. Rff1 c6 21. Qc4 Qxc4 22. dxc4 Kf7 23. Rad1 Rad8 24. Ra1 a6 25. h3 Rd2
26. Rac1 e4 27. Rfd1 e3 28. Rxd2 exd2 29. Rd1 Re1+ 30. Rxe1 dxe1=Q+ 31. Kh2
Ke6 32. c5 Kf5 33. b4 Kf4 34. b5 axb5 35. b4 Qg3+ 36. Kg1 Ke3 37. c3 Qe1+
38. Kh2 Kf2 39. h4 Qg1+ 40. Kh3 Qxg2# {White checkmated} 0-1

[Event "ICC tourney 3035 (30 10)"]
[Site "Internet Chess Club"]
[Date "2022.10.22"]
[Round "1"]
[White "Mason, Mike W:MikeWMason"]
[Black "KUMBHARATHI, VEDANSH:vedansh98"]
[Result "1-0"]
[ICCResult "Black resigns"]
[WhiteElo "1506"]
[BlackElo "1051"]
[Opening "French: King's Indian attack"]
[ECO "C00"]
[NIC "FR.02"]
[Time "12:00:51"]
[PlyCount "49"]
[TimeControl "1800+10"]

1. e4 e6 2. d3 d5 3. Nd2 dxe4 4. dxe4 Nf6 5. Ngf3 Be7 6. Be2 O-O 7. O-O b6
8. c3 Bb7 9. Qc2 Nbd7 10. Rd1 Qe8 11. Re1 Nc5 12. Bf1 Rd8 13. b4 Ncxe4 14.
Nxe4 Nxe4 15. Rxe4 Bxe4 16. Qxe4 Bf6 17. Ng5 Bxg5 18. Bxg5 Rd5 19. Bf4 f5
20. Qe3 Rf6 21. Bc4 Rd8 22. Bg5 Rg6 23. Bxd8 Qxd8 24. Bxe6+ Kf8 25. Bxf5
{Black resigns}
1-0

[Event "ICC tourney 3035 (30 10)"]
[Site "Internet Chess Club"]
[Date "2022.10.22"]
[Round "1"]
[White "HERREROS, STEPHEN:alekhine1031"]
[Black "FOLTIN, ADAM B.:TheEqualCarry"]
[Result "1-0"]
[ICCResult "Black resigns"]
[WhiteElo "1568"]
[BlackElo "1182"]
[Opening "Sicilian: wing gambit"]
[ECO "B20"]
[NIC "SI.48"]
[Time "12:09:49"]
[PlyCount "55"]
[TimeControl "1800+10"]

1. e4 c5 2. b4 e6 3. bxc5 Bxc5 4. d4 Bb6 5. Nf3 d5 6. e5 Ne7 7. Bd3 Nf5 8.
Bxf5 exf5 9. Ba3 f4 10. Qd2 g5 11. Nc3 Ba5 12. Qd3 Qc7 13. Bb2 Qb6 14. O-O-O
Bg4 15. Nxd5 Qe6 16. Nf6+ Kd8 17. d5 Qf5 18. Qb5 Bb6 19. e6 Bxf3 20. gxf3
Rf8 21. Nd7 fxe6 22. Nxf8 Qxf8 23. dxe6+ Kc8 24. Rhe1 Qe7 25. Re2 Nc6 26.
Rd7 Qe8 27. Rxh7 Qd8 28. Rh8 {Black resigns} 1-0

[Event "ICC tourney 3035 (30 10)"]
[Site "Internet Chess Club"]
[Date "2022.10.22"]
[Round "1"]
[White "ASKEW, GEORGE:BlueStorm"]
[Black "Doan Giang, Nguyen Doan:Doctorstrange04"]
[Result "0-1"]
[ICCResult "White resigns"]
[WhiteElo "1320"]
[BlackElo "1763"]
[Opening "Trompowsky attack (Ruth, Opocenský opening)"]
[ECO "A45"]
[NIC "QP.07"]
[Time "12:00:13"]
[PlyCount "86"]
[TimeControl "1800+10"]

1. d4 Nf6 2. Bg5 d5 3. Bxf6 exf6 4. Nf3 Bd6 5. e3 c6 6. Bd3 Nd7 7. c3 Qe7 8.
Nbd2 g6 9. Qc2 f5 10. c4 dxc4 11. Nxc4 Bb4+ 12. Ncd2 Nf6 13. a3 Bd6 14. O-O
O-O 15. Nc4 Bc7 16. Nce5 Be6 17. Rac1 Rfd8 18. Rfd1 Bd5 19. Qe2 Kg7 20. Bc4
h5 21. Bxd5 Rxd5 22. Ng5 Bxe5 23. dxe5 Qxe5 24. Rxd5 Nxd5 25. Rd1 Re8 26.
Nf3 Qf6 27. Nd4 h4 28. Qd2 h3 29. gxh3 Qh4 30. Ne2 Qxh3 31. Qd4+ Kg8 32. Nf4
Qg4+ 33. Kf1 Nxf4 34. exf4 Re4 35. Qd8+ Kg7 36. Qd2 Rxf4 37. Qc3+ Kh6 38.
Rd8 Rxf2+ 39. Kxf2 Qh4+ 40. Qg3 Qxd8 41. Qb3 Qe7 42. Qe3+ Qxe3+ 43. Kxe3 Kh5
{White resigns}
0-1

[Event "ICC tourney 3035 (30 10)"]
[Site "Internet Chess Club"]
[Date "2022.10.22"]
[Round "1"]
[White "YU, VINCENT ZHIWEN:vincentyu"]
[Black "SULTAN, BASHIR Cisse:muzikmixer"]
[Result "1-0"]
[ICCResult "Black resigns"]
[WhiteElo "1183"]
[BlackElo "1588"]
[Opening "Robatsch (modern) defense"]
[ECO "B06"]
[NIC "KF.05"]
[Time "12:00:17"]
[PlyCount "55"]
[TimeControl "1800+10"]

1. e4 g6 2. d4 Bg7 3. Nf3 d6 4. Bc4 e6 5. O-O a6 6. a4 b6 7. c3 Ne7 8. Bf4
h6 9. Nbd2 O-O 10. Re1 Bb7 11. h3 Nd7 12. b4 d5 13. Ba2 dxe4 14. Nxe4 Nd5
15. Bd2 Rc8 16. Rc1 Qe7 17. Qb3 N5f6 18. Nxf6+ Nxf6 19. Ne5 Bd5 20. c4 Be4
21. Ng4 Nxg4 22. Rxe4 Nf6 23. Ree1 Qd6 24. Be3 Rfd8 25. Rcd1 Bf8 26. Bd2
Qxd4 27. Bg5 Qd2 28. Bxd2 {Black resigns} 1-0

[Event "ICC tourney 3035 (30 10)"]
[Site "Internet Chess Club"]
[Date "2022.10.22"]
[Round "1"]
[White "DHURJATI, ANAGHA:amdink"]
[Black "Varada, Praharsh:Praharshvarada"]
[Result "1-0"]
[ICCResult "Black checkmated"]
[WhiteElo "1371"]
[BlackElo "841"]
[Opening "French: advance variation"]
[ECO "C02"]
[NIC "FR.03"]
[Time "12:00:28"]
[PlyCount "83"]
[TimeControl "1800+10"]

1. e4 e6 2. d4 d5 3. e5 Nc6 4. Nf3 Bb4+ 5. c3 Ba5 6. Be2 Nge7 7. O-O O-O 8.
Nbd2 a6 9. Nb3 Bb6 10. Bg5 Qd7 11. Qc2 Nf5 12. Bd3 Re8 13. g4 h6 14. gxf5
hxg5 15. Nxg5 exf5 16. Qe2 f6 17. Nf3 f4 18. Nh4 fxe5 19. Bf5 Qe7 20. Qh5
Bxf5 21. Nxf5 Qf6 22. Kh1 Rf8 23. Nxg7 Rf7 24. Nf5 Kf8 25. Rg1 Qxf5 26. Qh8+
Ke7 27. Qxa8 Nd8 28. Rae1 e4 29. Nc5 Bxc5 30. dxc5 Qd7 31. Rg8 Rf6 32. Reg1
c6 33. Rxd8 Qxd8 34. Rg7+ Ke6 35. Qxd8 e3 36. fxe3 fxe3 37. Qe7+ Kf5 38.
Qxe3 Re6 39. Rg5+ Kf6 40. Rg6+ Kf7 41. Qxe6+ Kf8 42. Rg8# {Black checkmated}
1-0

[Event "ICC tourney 3035 (30 10)"]
[Site "Internet Chess Club"]
[Date "2022.10.22"]
[Round "1"]
[White "ANGELCHIK, JACOB:t105mm"]
[Black "DU, CALVIN:TheOrcaPro"]
[Result "1-0"]
[ICCResult "Black resigns"]
[WhiteElo "1268"]
[BlackElo "1724"]
[Opening "Trompowsky attack (Ruth, Opocenský opening)"]
[ECO "A45"]
[NIC "QP.07"]
[Time "12:00:51"]
[PlyCount "47"]
[TimeControl "1800+10"]

1. d4 Nf6 2. Bg5 d5 3. Bxf6 exf6 4. e3 Bf5 5. Bd3 Bxd3 6. Qxd3 c6 7. Ne2 Na6
8. a3 Bd6 9. O-O O-O 10. Nbc3 Re8 11. f3 Bc7 12. e4 dxe4 13. fxe4 Qd6 14.
Ng3 h5 15. Rad1 h4 16. e5 fxe5 17. Nf5 Qd8 18. d5 Nc5 19. Qh3 Bb6 20. Kh1
cxd5 21. Nxd5 Qg5 22. Nd6 Rf8 23. Rf5 Qd8 24. Nf6+ {Black resigns} 1-0

[Event "ICC tourney 3035 (30 10)"]
[Site "Internet Chess Club"]
[Date "2022.10.22"]
[Round "1"]
[White "ZHOU, ALEXANDER ZHENG:Lailaiking"]
[Black "JIMENEZ, LUIS A:eltuna"]
[Result "0-1"]
[ICCResult "White checkmated"]
[WhiteElo "1048"]
[BlackElo "1447"]
[Opening "QGD: 4.Nf3"]
[ECO "D37"]
[NIC "QO.16"]
[Time "12:00:29"]
[PlyCount "76"]
[TimeControl "1800+10"]

1. d4 d5 2. c4 e6 3. Nc3 Nf6 4. Nf3 a6 5. Bf4 dxc4 6. e4 b5 7. a4 Bb4 8. Qc2
Bb7 9. e5 Nd5 10. Bg5 Qd7 11. Be2 O-O 12. O-O c5 13. Rfd1 h6 14. Bh4 Bc6 15.
Ne4 cxd4 16. Rxd4 Qc7 17. Ng3 Nd7 18. Re4 N5b6 19. Rg4 Nxe5 20. Nxe5 Qxe5
21. f4 Qe3+ 22. Kh1 f5 23. Nf1 Qe4 24. Qxe4 Bxe4 25. Rg6 Kf7 26. Bh5 Kg8 27.
Rxe6 Nd5 28. Bg3 Rf6 29. Rxf6 Nxf6 30. Be2 Rd8 31. axb5 axb5 32. Bf2 Bd3 33.
Bf3 Ne4 34. Kg1 Nxf2 35. Kxf2 Bc5+ 36. Ke1 Re8+ 37. Kd2 Bb4+ 38. Kd1 Re1#
{White checkmated}
0-1

[Event "ICC tourney 3035 (30 10)"]
[Site "Internet Chess Club"]
[Date "2022.10.22"]
[Round "1"]
[White "PADIYAR, SUNMAY:sunmay12"]
[Black "CHETLAPALLI, VISHNU:K01-30144870"]
[Result "0-1"]
[ICCResult "White checkmated"]
[WhiteElo "1408"]
[BlackElo "972"]
[Opening "Sicilian: Alapin's variation (2.c3)"]
[ECO "B22"]
[NIC "SI.46"]
[Time "12:10:22"]
[PlyCount "94"]
[TimeControl "1800+10"]

1. e4 c5 2. c3 d6 3. d4 cxd4 4. cxd4 Nf6 5. Nc3 g6 6. Nf3 Bg7 7. Bb5+ Bd7 8.
Bxd7+ Nbxd7 9. O-O O-O 10. Qb3 Qb6 11. Qc2 Rac8 12. Qd3 Rfd8 13. Be3 Qxb2
14. Rfc1 Qa3 15. Rab1 Nb6 16. Nd2 Rc7 17. Nb3 Rdc8 18. h3 Qa6 19. Qxa6 bxa6
20. Bd2 Nc4 21. Nd5 Nxd5 22. exd5 Nxd2 23. Rxc7 Rxc7 24. Nxd2 Bxd4 25. Nf3
Bb6 26. Re1 Rc2 27. Rxe7 Rxf2 28. Kh2 Rxa2 29. Rd7 Bc5 30. Ne1 Rd2 31. Nf3
Rxd5 32. h4 a5 33. g4 a4 34. Ng5 a3 35. Nxf7 a2 36. Nh6+ Kf8 37. Rf7+ Ke8
38. Rf1 Rd2+ 39. Kg3 Rb2 40. Re1+ Kd7 41. Ra1 Bd4 42. Rd1 Be5+ 43. Kf3 Rb1
44. Rxb1 axb1=Q 45. g5 Qd3+ 46. Kg4 Qe4+ 47. Kh3 Qf3# {White checkmated} 0-1

[Event "ICC tourney 3035 (30 10)"]
[Site "Internet Chess Club"]
[Date "2022.10.22"]
[Round "1"]
[White "PU, LANDON:landonp"]
[Black "SRIPADA, ANISHA:waterycargo"]
[Result "1/2-1/2"]
[ICCResult "Game drawn because neither player has mating material"]
[WhiteElo "1604"]
[BlackElo "1229"]
[Opening "French: Fort Knox variation"]
[ECO "C03"]
[NIC "FR.07"]
[Time "12:00:18"]
[PlyCount "151"]
[TimeControl "1800+10"]

1. e4 e6 2. d4 d5 3. Nd2 dxe4 4. Nxe4 Bd7 5. Nf3 Bc6 6. Bd3 Nd7 7. O-O Ngf6
8. Re1 Be7 9. Bf4 O-O 10. a3 Nb6 11. Ne5 Nbd5 12. Bg3 Bd7 13. c4 Nb6 14. Qc2
h6 15. Rad1 Rc8 16. b3 a6 17. Bf4 Bxa3 18. Nxf6+ Qxf6 19. Bg3 Bc6 20. Re3
Be7 21. Nxc6 bxc6 22. Bh7+ Kh8 23. Be5 Qh4 24. Rh3 Qg4 25. Rg3 Qxg3 26. fxg3
Nd7 27. Be4 c5 28. Qc1 Bg5 29. Bf4 Bxf4 30. Qxf4 Nf6 31. dxc5 c6 32. Rd6
Nxe4 33. Qxe4 Rb8 34. Rxc6 Rxb3 35. Rb6 Ra3 36. c6 Ra1+ 37. Kf2 Ra2+ 38. Kf3
Ra3+ 39. Kg4 f5+ 40. Kh3 fxe4 41. c7 Ra5 42. Rb8 Rf5 43. c8=Q Rxc8 44. Rxc8+
Kh7 45. Rc6 Re5 46. Rxa6 e3 47. Ra1 e2 48. Re1 h5 49. g4 hxg4+ 50. Kxg4 Re4+
51. Kf3 Rxc4 52. Rxe2 Rc6 53. Kf4 Kg6 54. h4 Kf6 55. g4 Rc4+ 56. Re4 Rc6 57.
g5+ Kg6 58. Kg4 Kh7 59. h5 Rd6 60. g6+ Kg8 61. Re5 Kf8 62. Kg5 Kg8 63. h6
gxh6+ 64. Kxh6 Rc6 65. Rb5 Rc8 66. Rb7 Re8 67. Rh7 e5 68. Kg5 e4 69. Rh2 e3
70. Re2 Kg7 71. Kf5 Re7 72. Kf4 Kxg6 73. Rxe3 Rf7+ 74. Kg3 Rf6 75. Rf3 Rxf3+
76. Kxf3 {Game drawn because neither player has mating material} 1/2-1/2

[Event "ICC tourney 3035 (30 10)"]
[Site "Internet Chess Club"]
[Date "2022.10.22"]
[Round "2"]
[White "ZHANG, ARI:brass60Six"]
[Black "ZHOU, ALEXANDER ZHENG:Lailaiking"]
[Result "1/2-1/2"]
[ICCResult "Game drawn by repetition"]
[WhiteElo "1350"]
[BlackElo "1048"]
[Opening "QGD: Semi-Tarrasch defense"]
[ECO "D40"]
[NIC "TD.05"]
[Time "14:00:24"]
[PlyCount "56"]
[TimeControl "1800+10"]

1. d4 d5 2. c4 e6 3. Nc3 Nf6 4. Nf3 c5 5. e3 Nc6 6. Be2 Bd6 7. a3 Bd7 8.
dxc5 Bxc5 9. cxd5 exd5 10. Nxd5 O-O 11. Nxf6+ Qxf6 12. Qxd7 Rfe8 13. O-O
Rad8 14. Qg4 Re7 15. e4 Rde8 16. e5 Nxe5 17. Nxe5 Rxe5 18. Bf3 h5 19. Qh3
Bxf2+ 20. Kxf2 Qb6+ 21. Kg3 Qg6+ 22. Kf2 Qb6+ 23. Kg3 Qg6+ 24. Kf2 Qb6+ 25.
Kg3 Qg6+ 26. Kf2 Qb6+ 27. Kg3 Qg6+ 28. Kf2 Qb6+ {Game drawn by repetition}
1/2-1/2

[Event "ICC tourney 3035 (30 10)"]
[Site "Internet Chess Club"]
[Date "2022.10.22"]
[Round "2"]
[White "FOLTIN, ADAM B.:TheEqualCarry"]
[Black "WUDALI, PRANAV AVYAI:Pwudali"]
[Result "0-1"]
[ICCResult "White resigns"]
[WhiteElo "1182"]
[BlackElo "847"]
[Opening "Sicilian defense"]
[ECO "B27"]
[NIC "SI.43"]
[Time "14:00:29"]
[PlyCount "62"]
[TimeControl "1800+10"]

1. e4 c5 2. Nf3 d5 3. exd5 Qxd5 4. g3 Bg4 5. Bg2 e5 6. Qe2 Nc6 7. c4 Qd6 8.
h3 Nd4 9. Qd1 Bxf3 10. Bxf3 Nf6 11. O-O e4 12. Re1 Qe6 13. Qa4+ Kd8 14. Bg2
Bd6 15. Nc3 Qf5 16. Nxe4 Re8 17. d3 Nxe4 18. Bxe4 Qxh3 19. Bg5+ f6 20. Bxb7
Qd7 21. Bc6 Qxc6 22. Rxe8+ Qxe8 23. Qa5+ Bc7 24. Qxc5 Nf3+ 25. Kg2 Nxg5 26.
Qd5+ Ke7 27. Re1+ Be5 28. f4 Rd8 29. Qc5+ Kf7 30. fxe5 Rxd3 31. exf6 Qxe1
{White resigns}
0-1

[Event "ICC tourney 3035 (30 10)"]
[Site "Internet Chess Club"]
[Date "2022.10.22"]
[Round "2"]
[White "DU, CALVIN:TheOrcaPro"]
[Black "SCHROMBECK, JON A:Gm374"]
[Result "1-0"]
[ICCResult "Black resigns"]
[WhiteElo "1724"]
[BlackElo "1082"]
[Opening "French: Marshall variation"]
[ECO "C10"]
[NIC "FR.04"]
[Time "14:00:19"]
[PlyCount "121"]
[TimeControl "1800+10"]

1. e4 e6 2. d4 d5 3. Nc3 c5 4. exd5 exd5 5. dxc5 d4 6. Ne4 Nf6 7. Nxf6+ Qxf6
8. Bd3 Bxc5 9. Ne2 O-O 10. Bf4 Re8 11. O-O Nc6 12. Bg3 Bg4 13. f3 Bh5 14.
Nf4 Bg6 15. Nd5 Bb6 16. Nxf6+ gxf6 17. a3 Ne5 18. Bxe5 fxe5 19. Kh1 f5 20.
Re1 e4 21. Bb5 Re5 22. Bc4+ Kg7 23. Qd2 Rd8 24. Qg5 e3 25. Bd3 Bc7 26. Re2
Rd6 27. Rae1 Bd8 28. Qf4 Ree6 29. Rxe3 dxe3 30. Rxe3 Rxe3 31. Qxe3 Bf6 32.
b3 Kf7 33. Qxa7 Bd4 34. Qxb7+ Kf6 35. Qb4 Ke5 36. Qe1+ Kd5 37. Qe7 Bf6 38.
Qb7+ Kc5 39. Kg1 f4 40. Qb4+ Kc6 41. Qxf4 Bxd3 42. cxd3 Re6 43. Qc4+ Kd6 44.
Kf1 Be5 45. g3 Ke7 46. Qe4 Bc3 47. Qxh7+ Kd6 48. Qe4 Rxe4 49. dxe4 Bb2 50.
a4 Kc5 51. h4 Kb4 52. f4 Kxb3 53. a5 Bd4 54. Ke2 Kb4 55. a6 Kb5 56. Kf3 Kxa6
57. e5 Kb6 58. g4 Kc6 59. Ke4 Bb2 60. h5 Kd7 61. h6 {Black resigns} 1-0

[Event "ICC tourney 3035 (30 10)"]
[Site "Internet Chess Club"]
[Date "2022.10.22"]
[Round "2"]
[White "KUMBHARATHI, VEDANSH:vedansh98"]
[Black "PADIYAR, SUNMAY:sunmay12"]
[Result "0-1"]
[ICCResult "White resigns"]
[WhiteElo "1051"]
[BlackElo "1408"]
[Opening "Giuoco Piano: Anderssen variation"]
[ECO "C54"]
[NIC "IG.02"]
[Time "14:00:19"]
[PlyCount "124"]
[TimeControl "1800+10"]

1. e4 e5 2. Nf3 Nc6 3. Bc4 Bc5 4. c3 Nf6 5. d4 exd4 6. e5 d5 7. Bb5 Ne4 8.
cxd4 Bb4+ 9. Nbd2 O-O 10. h3 f6 11. Bxc6 bxc6 12. a3 Bxd2+ 13. Bxd2 fxe5 14.
dxe5 Ba6 15. Rc1 Qd7 16. Qc2 c5 17. Be3 Qb5 18. a4 Qb4+ 19. Nd2 Rae8 20. f3
Nxd2 21. Qxd2 Rxe5 22. Qxb4 Rxe3+ 23. Kf2 Re2+ 24. Kg3 cxb4 25. Rxc7 Bc4 26.
Rxa7 Rxb2 27. Re1 Re2 28. Rxe2 Bxe2 29. Rb7 d4 30. Rxb4 d3 31. Rd4 h6 32.
Kf2 Kh7 33. Ke3 Re8+ 34. Kf2 Re6 35. h4 Kg6 36. Re4 Rxe4 37. fxe4 Bg4 38.
Ke3 Bc8 39. Kxd3 Kf6 40. Kd4 Ke6 41. a5 Ba6 42. g4 g6 43. Ke3 Ke5 44. Kf3
Bd3 45. Kg3 Kxe4 46. h5 g5 47. Kf2 Kf4 48. Ke1 Kxg4 49. Kf2 Kxh5 50. Kg3 g4
51. Kf4 Kh4 52. Ke3 Ba6 53. Kf2 Kh3 54. Kg1 Kg3 55. Kh1 Bb7+ 56. Kg1 h5 57.
a6 Bxa6 58. Kh1 Bb7+ 59. Kg1 h4 60. Kf1 h3 61. Kg1 h2+ 62. Kf1 h1=Q+
{White resigns}
0-1

[Event "ICC tourney 3035 (30 10)"]
[Site "Internet Chess Club"]
[Date "2022.10.22"]
[Round "2"]
[White "Varada, Praharsh:Praharshvarada"]
[Black "ASKEW, GEORGE:BlueStorm"]
[Result "0-1"]
[ICCResult "White checkmated"]
[WhiteElo "841"]
[BlackElo "1320"]
[Opening "English opening"]
[ECO "A21"]
[NIC "EO.23"]
[Time "14:00:25"]
[PlyCount "112"]
[TimeControl "1800+10"]

1. c4 e5 2. Nc3 g6 3. Nf3 Bg7 4. d4 exd4 5. Nxd4 Nf6 6. e3 O-O 7. Bd3 c5 8.
Nf3 Nc6 9. O-O Re8 10. Bc2 Nb4 11. b3 Nxc2 12. Qxc2 b6 13. Bb2 Bb7 14. Nd2
Qc7 15. Rfe1 Ng4 16. h3 Qh2+ 17. Kf1 Qxg2+ 18. Ke2 Qxf2+ 19. Kd1 Nxe3+ 20.
Rxe3 Qxe3 21. Qc1 Qe1+ 22. Kc2 Qxc1+ 23. Kxc1 Bh6 24. Kc2 Re6 25. Nb5 Re2
26. Bc3 Be4+ 27. Kc1 Re1+ 28. Kb2 Rxa1 29. Kxa1 Bxd2 30. Bxd2 f5 31. Bf4 d5
32. cxd5 Bxd5 33. h4 Re8 34. Nxa7 Ra8 35. Nb5 Bxb3 36. Kb2 Bxa2 37. Nc7 Ra4
38. Nb5 Rxf4 39. Kxa2 Rxh4 40. Nc3 f4 41. Ne4 f3 42. Ng3 f2 43. Kb2 Rd4 44.
Kc2 h5 45. Nf1 h4 46. Kc1 g5 47. Ne3 g4 48. Kc2 g3 49. Kc1 Re4 50. Ng2 Re1+
51. Nxe1 fxe1=Q+ 52. Kc2 Qe3 53. Kb2 g2 54. Kc2 g1=R 55. Kb2 Rg2+ 56. Kb1
Qg1# {White checkmated} 0-1

[Event "ICC tourney 3035 (30 10)"]
[Site "Internet Chess Club"]
[Date "2022.10.22"]
[Round "2"]
[White "Doan Giang, Nguyen Doan:Doctorstrange04"]
[Black "DHURJATI, ANAGHA:amdink"]
[Result "1-0"]
[ICCResult "Black checkmated"]
[WhiteElo "1763"]
[BlackElo "1371"]
[Opening "Scotch game"]
[ECO "C45"]
[NIC "SO.04"]
[Time "14:00:18"]
[PlyCount "125"]
[TimeControl "1800+10"]

1. e4 e5 2. Nf3 Nc6 3. d4 exd4 4. Nxd4 d6 5. Nc3 Nf6 6. Bf4 Be6 7. Bb5 Bd7
8. f3 a6 9. Bc4 h6 10. Qd2 Nxd4 11. Qxd4 Be6 12. O-O-O Bxc4 13. Qxc4 Qd7 14.
g4 g5 15. Be3 O-O-O 16. e5 Qe8 17. Rhe1 dxe5 18. Rxd8+ Qxd8 19. Qxf7 Bb4 20.
Rd1 Qe7 21. Qc4 Bd6 22. h3 Kb8 23. a3 Rf8 24. Qe2 Bxa3 25. Qc4 Bd6 26. Bg1
Qf7 27. Qe2 Nd7 28. Rd3 Qf4+ 29. Kb1 Qg3 30. Bf2 Qxh3 31. Ne4 Rf7 32. Rb3
Kc8 33. Nxd6+ cxd6 34. Qc4+ Kb8 35. Qxf7 Qf1+ 36. Ka2 Qxf2 37. Qxd7 Qa7 38.
Qxd6+ Ka8 39. Qxe5 Qf2 40. Qe8+ Ka7 41. Qe3+ Qxe3 42. Rxe3 Kb6 43. Re6+ Kc5
44. Rxh6 Kd4 45. Rg6 Ke3 46. Rxg5 Kxf3 47. Rg7 Kf4 48. g5 Kf5 49. Rxb7 Kg6
50. Rb6+ Kxg5 51. Rxa6 Kf5 52. c4 Ke5 53. Kb3 Kd4 54. Rd6+ Kc5 55. Rd5+ Kc6
56. Kc3 Kb6 57. b4 Kc6 58. Kd4 Kb6 59. Rd6+ Kc7 60. Kc5 Kb7 61. Rc6 Kb8 62.
Kb6 Ka8 63. Rc8# {Black checkmated} 1-0

[Event "ICC tourney 3035 (30 10)"]
[Site "Internet Chess Club"]
[Date "2022.10.22"]
[Round "2"]
[White "SRIPADA, ANISHA:waterycargo"]
[Black "WEYMAN, GRANT A:grantwey"]
[Result "0-1"]
[ICCResult "White resigns"]
[WhiteElo "1229"]
[BlackElo "1399"]
[Opening "Queen's pawn, Mason variation"]
[ECO "D00"]
[NIC "QP.08"]
[Time "14:00:24"]
[PlyCount "83"]
[TimeControl "1800+10"]

1. d4 d5 2. Bf4 Nf6 3. e3 e6 4. Nf3 Be7 5. h3 O-O 6. c4 c6 7. Nc3 Nbd7 8.
Be2 Nb6 9. c5 Nbd7 10. O-O b6 11. cxb6 axb6 12. Ne5 Bb7 13. Qc2 c5 14. Nb5
Rc8 15. Qd2 cxd4 16. Nxd4 Nc5 17. Bf3 Nfe4 18. Bxe4 Nxe4 19. Qd3 Nc5 20. Qd2
f6 21. Nd3 Qd7 22. Nb3 Ne4 23. Qe2 e5 24. Bh2 Ba6 25. Qd1 Qb5 26. Nbc1 Nc5
27. Nxc5 Qxf1+ 28. Qxf1 Bxf1 29. Ne6 Bb5 30. Nxf8 Bxf8 31. Nb3 Kf7 32. Rc1
Rxc1+ 33. Nxc1 Ke6 34. b3 Ba3 35. f3 Bxc1 36. Kf2 d4 37. exd4 exd4 38. Ke1
Kd5 39. Kd1 Ba3 40. Kd2 Bb4+ 41. Kc2 d3+ 42. Kd1 {White resigns} 0-1

[Event "ICC tourney 3035 (30 10)"]
[Site "Internet Chess Club"]
[Date "2022.10.22"]
[Round "2"]
[White "Agrawal, Arvin:championfugman"]
[Black "Mason, Mike W:MikeWMason"]
[Result "0-1"]
[ICCResult "White checkmated"]
[WhiteElo "1308"]
[BlackElo "1506"]
[Opening "Benkö gambit: fianchetto variation"]
[ECO "A58"]
[NIC "BI.39"]
[Time "14:00:23"]
[PlyCount "106"]
[TimeControl "1800+10"]

1. d4 Nf6 2. c4 c5 3. d5 b5 4. cxb5 a6 5. bxa6 g6 6. Nc3 Bxa6 7. Nf3 d6 8.
g3 Nbd7 9. Bg2 Bg7 10. O-O Nb6 11. Bg5 Bc4 12. Ne1 Ra7 13. Qd2 O-O 14. Nc2
Qd7 15. Na3 Ba6 16. Bh6 Nc4 17. Nxc4 Bxc4 18. Bxg7 Kxg7 19. b3 Ba6 20. f4
Rb8 21. f5 c4 22. fxg6 hxg6 23. Rab1 cxb3 24. Rxb3 Rab7 25. Rxb7 Rxb7 26.
Ne4 Nxe4 27. Bxe4 Qg4 28. Bf3 Qb4 29. Qxb4 Rxb4 30. Rf2 Ra4 31. e4 Bc4 32.
g4 g5 33. Kg2 Rxa2 34. Rxa2 Bxa2 35. Kg3 Kf6 36. h4 gxh4+ 37. Kxh4 Ke5 38.
Kg5 Bb1 39. Kh6 Bxe4 40. Bxe4 Kxe4 41. Kg7 f6 42. Kf7 Kxd5 43. Kxe7 Ke5 44.
Kf7 d5 45. Kg6 d4 46. g5 fxg5 47. Kxg5 d3 48. Kg4 d2 49. Kg3 d1=Q 50. Kf2
Kf4 51. Kg2 Qg4+ 52. Kh1 Kf3 53. Kh2 Qg2# {White checkmated} 0-1

[Event "ICC tourney 3035 (30 10)"]
[Site "Internet Chess Club"]
[Date "2022.10.22"]
[Round "2"]
[White "BRUDNO, STEPHEN:StevChess01"]
[Black "ANGELCHIK, JACOB:t105mm"]
[Result "1-0"]
[ICCResult "Black resigns"]
[WhiteElo "1557"]
[BlackElo "1268"]
[Opening "Benkö gambit half accepted"]
[ECO "A57"]
[NIC "BI.45"]
[Time "14:08:26"]
[PlyCount "114"]
[TimeControl "1800+10"]

1. d4 Nf6 2. c4 c5 3. d5 b5 4. cxb5 a6 5. f3 axb5 6. e4 Ba6 7. e5 Ng8 8. f4
d6 9. Nf3 dxe5 10. fxe5 g6 11. Be2 Bg7 12. O-O Qb6 13. Kh1 Nd7 14. Bf4 Nh6
15. Qd2 Ng4 16. e6 fxe6 17. Ng5 e5 18. Bxg4 exf4 19. Ne6 Be5 20. Nxf4 Rf8
21. Nc3 b4 22. Na4 Qf6 23. Bxd7+ Kxd7 24. Nxc5+ Ke8 25. Nxa6 Rxa6 26. g3
Bxb2 27. Rab1 Bc3 28. Qe2 Qd6 29. Qb5+ Kf7 30. Ne6+ Bf6 31. Nxf8 Rb6 32. Qd3
Kxf8 33. Rbc1 Qd7 34. Qc4 Rb8 35. Qc6 Qxc6 36. dxc6 Ke8 37. Rfd1 Rc8 38. Rc4
Bc3 39. a3 Be5 40. axb4 e6 41. b5 Bc7 42. Rd7 h5 43. Rg7 Kf8 44. Rxg6 Kf7
45. Rg5 Rh8 46. Rb4 Kf6 47. h4 Bb6 48. Rb1 Be3 49. Rf1+ Ke7 50. Rg7+ Kd6 51.
Re1 Bd4 52. Rd7+ Kc5 53. Rc1+ Kxb5 54. Rxd4 Rc8 55. c7 Kb6 56. Rb4+ Ka5 57.
Rb2 Ka4 {Black resigns} 1-0

[Event "ICC tourney 3035 (30 10)"]
[Site "Internet Chess Club"]
[Date "2022.10.22"]
[Round "2"]
[White "CHETLAPALLI, VISHNU:K01-30144870"]
[Black "GUTIERREZ, AUGUSTO E:elytito2017"]
[Result "0-1"]
[ICCResult "White forfeits on time"]
[WhiteElo "972"]
[BlackElo "1737"]
[Opening "Dutch with c4 & Nc3"]
[ECO "A85"]
[NIC "HD.05"]
[Time "14:00:22"]
[PlyCount "78"]
[TimeControl "1800+10"]

1. d4 f5 2. c4 Nf6 3. Nc3 e6 4. Bg5 Bb4 5. Nf3 O-O 6. e3 d6 7. Bd3 Qe8 8.
O-O Bxc3 9. bxc3 Nc6 10. Qc2 Qh5 11. Bf4 h6 12. Be2 Qf7 13. Rad1 Bd7 14. Rd3
Rae8 15. Rdd1 e5 16. dxe5 dxe5 17. Bg3 Ne4 18. Rd5 Nxg3 19. fxg3 Re7 20.
Rfd1 Bc8 21. c5 Kh8 22. a3 e4 23. Nh4 g5 24. Nxf5 Bxf5 25. Rxf5 Qxf5 26. Rf1
Qc8 27. Rxf8+ Qxf8 28. c4 Qf6 29. Qd1 Qe5 30. Qf1 Kg7 31. Qc1 Qxc5 32. Qc3+
Qe5 33. Qe1 Rd7 34. g4 b6 35. h4 a5 36. a4 Nd8 37. h5 Ne6 38. Qb1 Nc5 39.
Qb5 Rd2 {White forfeits on time} 0-1